 Dungeon Crawl Stone Soup version 0.30.0-29-ga12c61a403 (webtiles) character file.

Game seed: 7171690925177403057

6085 AIAndy the Basher (level 10, -2/76 HPs)
             Began as a Gnoll Wanderer on June 7, 2023.
             Was an Elder of Uskayaw.
             Slain by an orc knight
             ... wielding a +0 great mace
              (16 damage)
             ... on level 1 of the Orcish Mines.
             The game lasted 01:03:06 (8964 turns).

AIAndy the Basher (Gnoll Wanderer)                  Turns: 8964, Time: 01:03:07

Health: -2/76      AC: 14    Str: 18    XL:     10   Next: 88%
Magic:  18/18      EV: 17    Int: 11    God:    Uskayaw [****..]
Gold:   702        SH:  5    Dex: 10    Spells: 14/20 levels left

rFire   . . .        y - +0 morningstar
rCold   . . .        s - +0 buckler
rNeg    . . .        D - +4 ring mail "Udameask" {Fly Will+ Stlth+}
rPois   .            G - +2 hat
rElec   .            (no cloak)
rCorr   .            z - +1 pair of gloves
SInv    +            (no boots)
Will    +....        t - amulet of regeneration
Stlth   +++          h - +5 ring of evasion
HPRegen 1.12/turn    Q - ring of see invisible
MPRegen 0.16/turn

%: no passive effects
@: flying
A: fangs 1, strong nose, distributed training
a: Renounce Religion, Stomp, Line Pass


You were on level 1 of the Orcish Mines.
You worshipped Uskayaw.
Uskayaw was noncommittal.
You visited 2 branches of the dungeon, and saw 11 of its levels.
You also visited: Sewer.

You collected 702 gold pieces.

Inventory:

Hand Weapons
 a - a +2 mace
 w - a +0 mace of protection
 y - a +0 morningstar (weapon)
Missiles
 u - 4 javelins
 B - 27 poisoned darts (quivered)
 M - 4 curare-tipped darts
 U - a boomerang
Armour
 s - a +0 buckler (worn)
 z - a +1 pair of gloves (worn)
 D - the +4 ring mail "Udameask" (worn) {Fly Will+ Stlth+}
   (You found it on level 4 of the Dungeon)

   Fly:       It grants you flight.
   Will:      It increases your willpower.
   Stlth:     It makes you more stealthy.
 G - a +2 hat (worn)
 J - a +0 helmet
 T - a +0 tower shield
Jewellery
 h - a +5 ring of evasion (left hand)
 t - an amulet of regeneration (around neck)
 N - an amulet of magic regeneration
 Q - a ring of see invisible (right hand)
Wands
 n - a wand of paralysis (16)
 F - a wand of quicksilver (5)
 L - a wand of roots (11)
 R - a wand of flame (27)
 S - a wand of digging (11)
Scrolls
 d - 4 scrolls of summoning
 e - 4 scrolls of teleportation
 f - a scroll of magic mapping
 i - a scroll of blinking
 k - a scroll of immolation
 l - a scroll of enchant armour
 p - a scroll of amnesia
 v - a scroll of vulnerability
 E - a scroll of torment
 H - 2 scrolls of fog
Potions
 b - 8 potions of curing
 g - 3 potions of resistance
 j - 2 potions of flight
 m - 2 potions of brilliance
 o - 3 potions of haste
 q - 2 potions of heal wounds
 r - a potion of berserk rage {unknown}
 x - 4 potions of might
 A - a potion of attraction {unknown}
 C - a potion of cancellation {unknown}
 I - 2 potions of invisibility
 K - a potion of mutation {unknown}
 O - 2 potions of lignification
 V - a potion of magic {unknown}
Miscellaneous
 c - a piece from Xom's chessboard (15/15)


   Skills:
 + Level 5.9 Fighting
 + Level 5.9 Short Blades
 + Level 5.9 Long Blades
 + Level 5.9 Axes
 + Level 11.9 Maces & Flails
 + Level 5.9 Polearms
 + Level 5.9 Staves
 + Level 5.9 Ranged Weapons
 + Level 5.9 Throwing
 + Level 6.5 Armour
 + Level 5.9 Dodging
 + Level 5.9 Stealth
 + Level 5.9 Shields
 + Level 7.5 Unarmed Combat
 + Level 5.9 Spellcasting
 + Level 4.9 Conjurations
 + Level 4.9 Hexes
 + Level 4.9 Summonings
 + Level 4.9 Necromancy
 + Level 4.9 Translocations
 + Level 4.9 Transmutations
 + Level 4.9 Fire Magic
 + Level 4.9 Ice Magic
 + Level 4.9 Air Magic
 + Level 4.9 Earth Magic
 + Level 4.9 Poison Magic
 + Level 7.0 Invocations
 + Level 6.5 Evocations


You had 14 spell levels left.
You knew the following spells:

 Your Spells              Type           Power      Damage    Failure   Level
a - Dazzling Flash        Conj/Hex       28%        N/A       16%         3
b - Vhi's Electric Charg  Tloc/Air       28%        N/A       16%         3

Your spell library contained the following spells:

 Spells                   Type           Power      Damage    Failure   Level
 Shock                    Conj/Air       56%        1d6       5%          1
 Poisonous Vapours        Pois/Air       28%        N/A       9%          2
 Volatile Blastmotes      Fire/Tloc      28%        2d12      16%         3
 Animate Dead             Necr           14%        N/A       47%         4
 Iskenderun's Mystic Bla  Conj/Tloc      14%        2d5       47%         4
 Arcjolt                  Conj/Air       7%         1d17      83%         5
 Borgnjor's Vile Clutch   Necr/Erth      7%         N/A       83%         5
 Death Channel            Necr           7%         N/A       100%        6
 Starburst                Conj/Fire      7%         6d4       100%        6
 Maxwell's Capacitive Co  Air            7%         ∞         100%        8
 Fire Storm               Conj/Fire      7%         8d2       100%        9


Dungeon Overview and Level Annotations

Branches:
Dungeon (10/15)            Temple (0/1) D:5             Orc (1/2) D:9
  Sewer (visited)
   Lair: D:8-11

Altars:
Cheibriados
Dithmenos
Fedhas
Gozag
Qazlal
Ru
Trog
Uskayaw

Shops:
D:4 *

Annotations:
D:3 3 runed translucent doors, McKennaii's ghost, amateur DsFi
D:4 1 runed translucent door, Crazy Yiuf
D:7 Dowan; Duvessa
D:10 1 runed translucent door, exclusions: cyclops and gargoyle, Sonja; zacktheperson's ghost, journeyman NaDe


Innate Abilities, Weirdness & Mutations

You have very sharp teeth.
Your uncanny sense of smell can sniff out nearby items.
Your experience applies equally to all skills.


Message History

The orc knight hits you with a +0 great mace!!
You hit the orc knight.
The orc knight is heavily wounded.
The orc knight hits you with a +0 great mace.
You hit the orc knight.
The orc knight is heavily wounded.
The orc knight misses you.
You closely miss the orc knight.
You bite the orc knight, but do no damage.
The orc knight is heavily wounded.
The orc knight is no longer sharing its pain.
The orc knight hits you with a +0 great mace.
You puncture the orc knight!
The orc knight is severely wounded.
The orc knight hits you with a +0 great mace!
You hit the orc knight.
The orc knight is severely wounded.
You block the orc knight's attack.
You closely miss the orc knight.
The orc knight is severely wounded.
The orc knight hits you with a +0 great mace!!
You barely miss the orc knight.
The orc knight is severely wounded.
You closely miss the orc knight.
The orc knight is almost dead.
The orc knight hits you but does no damage.
You barely miss the orc knight.
The orc knight is almost dead.
The orc knight hits you with a +0 great mace!
* * * LOW HITPOINT WARNING * * *
You sock the orc knight!
The orc knight is almost dead.
You block the orc knight's attack.
You barely miss the orc knight.
The orc knight is almost dead.
The orc knight hits you but does no damage.
You hit the orc knight but do no damage.
The orc knight is almost dead.
The orc knight hits you with a +0 great mace!
You die...

##...)(... ##..)(.# #...(#
###..## . .## #..(## ......
### #.(..##.#.... #.######
##(....#..>...
####..##..####o)....#.....#
##.#...#.....)@#..#.......#
#.......#........##.....^##
#....#............##....##
##....#......#.....##..###
##.....##....#####....#.#
#....#####..######.....##
......#.#....#.##.....##
#..............##...###
####......###..#...##


You could see an orc knight (poisoned).

Vanquished Creatures
  A komodo dragon (D:10)
  2 shadows (D:9)
  2 steam dragons
  A basilisk (D:10)
  Menkaure (D:6)
  An acid dragon (D:10)
  3 water moccasins
  4 ice beasts
  6 orc warriors
  2 ogres
  2 black bears
  A centaur (D:10)
  8 kobold brigands (Sewer)
  4 phantoms
  A gnoll sergeant (D:10)
  2 bullfrogs
  2 scorpions (D:6)
  11 killer bees
  A troll zombie (D:9)
  An electric eel (D:7)
  2 howler monkeys (D:9)
  2 jellies (D:6)
  5 orc priests
  5 hounds
  A gnoll bouda (D:10)
  3 iguanas
  2 sleepcaps
  12 orc wizards
  7 ogre zombies (D:9)
  14 adders
  11 gnolls
  9 river rats
  7 worms
  4 dart slugs
  33 orcs
  11 endoplasms
  3 giant cockroaches
  10 goblins
  9 hobgoblins
  3 jackals (D:1)
  3 quokkas
  10 ball pythons
  4 bats
  5 frilled lizards
  A goblin skeleton (D:9)
  4 hobgoblin skeletons (D:9)
  2 hobgoblin zombies (D:9)
  5 kobolds
  4 orc skeletons (D:9)
  14 orc zombies (D:9)
  9 rats
270 creatures vanquished.

Vanquished Creatures (others)
  A killer bee (D:9)
1 creature vanquished.

Grand Total: 271 creatures vanquished

Notes
Turn   | Place    | Note
-------+----------+-------------------------------------------
     0 | D:1      | Reached skill level 10 in Maces & Flails
     0 | D:1      | AIAndy the Gnoll Wanderer began the quest for the Orb.
     0 | D:1      | AIAndy set off with the following items: a +2 mace, a
                  | potion of curing, a piece from Xom's chessboard (15/15), a
                  | scroll of summoning, a +0 leather armour.
     0 | D:1      | Reached XP level 1. HP: 13/13 MP: 2/2
   222 | D:1      | Reached XP level 2. HP: 19/19 MP: 3/3
   512 | D:1      | Reached XP level 3. HP: 22/25 MP: 4/4
   890 | D:2      | Reached skill level 1 in Fighting
   890 | D:2      | Reached skill level 1 in Short Blades
   890 | D:2      | Reached skill level 1 in Long Blades
   890 | D:2      | Reached skill level 1 in Axes
   890 | D:2      | Reached skill level 1 in Polearms
   890 | D:2      | Reached skill level 1 in Staves
   890 | D:2      | Reached skill level 1 in Ranged Weapons
   890 | D:2      | Reached skill level 1 in Throwing
   890 | D:2      | Reached skill level 1 in Dodging
   890 | D:2      | Reached skill level 1 in Stealth
   890 | D:2      | Reached skill level 1 in Shields
   890 | D:2      | Reached skill level 1 in Spellcasting
   944 | D:2      | Reached XP level 4. HP: 32/32 MP: 6/6
  1206 | D:2      | Reached skill level 1 in Conjurations
  1206 | D:2      | Reached skill level 1 in Hexes
  1206 | D:2      | Reached skill level 1 in Summonings
  1206 | D:2      | Reached skill level 1 in Necromancy
  1206 | D:2      | Reached skill level 1 in Translocations
  1206 | D:2      | Reached skill level 1 in Transmutations
  1206 | D:2      | Reached skill level 1 in Fire Magic
  1206 | D:2      | Reached skill level 1 in Ice Magic
  1206 | D:2      | Reached skill level 1 in Air Magic
  1206 | D:2      | Reached skill level 1 in Earth Magic
  1206 | D:2      | Reached skill level 1 in Poison Magic
  1234 | D:2      | Found a shadowy altar of Dithmenos.
  1910 | D:3      | Reached XP level 5. HP: 37/37 MP: 7/7
  2201 | D:3      | Found a runed translucent gate.
  2201 | D:3      | Found a runed translucent gate.
  2202 | D:3      | Found a runed translucent gate.
  2203 | D:3      | Noticed McKennaii's ghost (amateur DsFi)
  2322 | D:3      | Noticed a +0 dagger
  2328 | D:3      | Found a hide-covered altar of Uskayaw.
  2328 | D:3      | Noticed a +0 short sword
  2328 | D:3      | Noticed a +0 short sword
  2329 | D:3      | Noticed a +0 spear
  2330 | D:3      | Noticed a +0 spear
  2330 | D:3      | Noticed a +0 falchion
  2331 | D:3      | Noticed a +0 falchion
  2332 | D:3      | Became a worshipper of Uskayaw the Reveller
  2333 | D:3      | Noticed a +0 dagger
  2489 | D:4      | Reached * piety under Uskayaw
  2495 | D:4      | Reached ** piety under Uskayaw
  2575 | D:4      | Found Wezaf's Overcharged Wands.
  2701 | D:4      | Found a sacrificial altar of Ru.
  2787 | D:4      | Reached XP level 6. HP: 36/44 MP: 8/8
  2927 | D:4      | Reached skill level 5 in Unarmed Combat
  2966 | D:4      | Identified the +4 ring mail "Udameask" {Fly Will+ Stlth+}
  3051 | D:4      | Noticed a black bear
  3057 | D:4      | Killed a black bear
  3057 | D:4      | Reached *** piety under Uskayaw
  3078 | D:4      | Found an opulent altar of Gozag.
  3456 | D:4      | Found a runed translucent door.
  3457 | D:4      | Noticed Crazy Yiuf
  3512 | D:5      | Entered Level 5 of the Dungeon
  3512 | D:5      | Noticed an ice beast
  3519 | D:5      | Killed an ice beast
  3520 | D:5      | Reached XP level 7. HP: 51/51 MP: 10/10
  3619 | D:5      | Found a snail-covered altar of Cheibriados.
  3619 | D:5      | Found a bloodstained altar of Trog.
  3744 | D:5      | Reached XP level 8. HP: 58/58 MP: 12/12
  3783 | D:5      | Identified the +3 leather armour of Light {rF- rN++ Str+8
                  | Int-4}
  4020 | D:5      | Reached skill level 11 in Maces & Flails
  4197 | D:5      | Found a staircase to the Ecumenical Temple.
  4520 | D:6      | Found a glowing drain.
  4537 | Sewer    | Entered a sewer
  4564 | Sewer    | Reached skill level 5 in Invocations
  4838 | Sewer    | Reached XP level 9. HP: 65/65 MP: 14/14
  5056 | Sewer    | Reached **** piety under Uskayaw
  5080 | Sewer    | Reached skill level 5 in Armour
  5080 | Sewer    | Reached skill level 5 in Evocations
  5250 | D:6      | Noticed Menkaure
  5259 | D:6      | Killed Menkaure
  6082 | D:7      | Learned a level 3 spell: Dazzling Flash
  6313 | D:7      | Found a blossoming altar of Fedhas.
  6313 | D:7      | Noticed Duvessa
  6313 | D:7      | Noticed Dowan
  6941 | D:8      | Reached skill level 5 in Fighting
  6941 | D:8      | Reached skill level 5 in Short Blades
  6941 | D:8      | Reached skill level 5 in Long Blades
  6941 | D:8      | Reached skill level 5 in Axes
  6941 | D:8      | Reached skill level 5 in Polearms
  6941 | D:8      | Reached skill level 5 in Staves
  6941 | D:8      | Reached skill level 5 in Ranged Weapons
  6941 | D:8      | Reached skill level 5 in Throwing
  6941 | D:8      | Reached skill level 5 in Dodging
  6941 | D:8      | Reached skill level 5 in Stealth
  6941 | D:8      | Reached skill level 5 in Shields
  6941 | D:8      | Reached skill level 5 in Spellcasting
  6941 | D:8      | Reached XP level 10. HP: 47/74 MP: 17/17
  7565 | D:9      | Found a stormy altar of Qazlal.
  7737 | D:9      | Learned a level 3 spell: Vhi's Electric Charge
  7850 | D:9      | Found a staircase to the Orcish Mines.
  7904 | D:9      | Reached ***** piety under Uskayaw
  7990 | D:9      | Got Buprail's Treatise on Prime Turbulence
  8097 | D:10     | Entered Level 10 of the Dungeon
  8307 | D:10     | Noticed a gargoyle
  8335 | D:10     | Noticed a cyclops
  8526 | D:10     | Found a runed translucent door.
  8526 | D:10     | Noticed zacktheperson's ghost (journeyman NaDe)
  8613 | D:10     | Noticed Sonja
  8664 | Orc:1    | Entered Level 1 of the Orcish Mines
  8934 | Orc:1    | Noticed an orc knight
  8964 | Orc:1    | Slain by an orc knight

Illustrated notes

Levels and vault maps discovered:
D:1:      dpeg_arrival_tiny_b, layout_loops_corners
D:2:      layout_basic, basic_altar, kennysheep_nondescript, st_stairs_7
D:3:      layout_rooms, nicolae_uskayaw_en_pointe, serial_forest,
          infiniplex_forest_clump_small, infiniplex_forest_fountain,
          infiniplex_forest_lined_2, infiniplex_forest_lined_1,
          infiniplex_forest_zigzag_1, infiniplex_forest_lined_ring,
          gammafunk_ghost_necromancy
D:4:      minmay_general_purpose_star, layout_loops_corners,
          lemuel_doored_altar, nicolae_ru_great_annihilating_truth,
          nicolae_shop_overcharged_wands, uniq_crazy_yiuf_cottage
D:5:      layout_rooms, gammafunk_temple_overflow_wave,
          minmay_temple_entry_fiery
D:6:      layout_cave_pods, lightli_sewer_entry_pipes, minmay_fountain_box,
          uniq_menkaure
D:7:      layout_basic, mainiacjoe_overflow_alcove_4, hangedman_decor_growths,
          nicolae_lava_and_water, uniq_duvessa
D:8:      layout_loops_ring, minmay_quadrilaterals
D:9:      layout_gridville, nicolae_qazlal_style_of_elements, zombieorc2_lemuel
D:10:     layout_stronghold, hellmonk_ghost_happy_afterlife, uniq_urug,
          uniq_sonja
Orc:1:    layout_diamond_mine

Skill      XL: |  1  2  3  4  5  6  7  8  9 10 |
---------------+-------------------------------+-----
Maces & Flails | 11 | 11.9
Fighting       | 1 2 3 5 |  5.9
Short Blades   | 1 2 3 5 |  5.9
Long Blades    | 1 2 3 5 |  5.9
Axes           | 1 2 3 5 |  5.9
Polearms       | 1 2 3 5 |  5.9
Staves         | 1 2 3 5 |  5.9
Ranged Weapons | 1 2 3 5 |  5.9
Throwing       | 1 2 3 5 |  5.9
Dodging        | 1 2 3 5 |  5.9
Stealth        | 1 2 3 5 |  5.9
Shields        | 1 2 3 5 |  5.9
Spellcasting   | 1 2 3 5 |  5.9
Conjurations   | 1 2 3 4 |  4.9
Hexes          | 1 2 3 4 |  4.9
Summonings     | 1 2 3 4 |  4.9
Necromancy     | 1 2 3 4 |  4.9
Translocations | 1 2 3 4 |  4.9
Transmutations | 1 2 3 4 |  4.9
Fire Magic     | 1 2 3 4 |  4.9
Ice Magic      | 1 2 3 4 |  4.9
Air Magic      | 1 2 3 4 |  4.9
Earth Magic    | 1 2 3 4 |  4.9
Poison Magic   | 1 2 3 4 |  4.9
Invocations    | 3 4 5 6 7 |  7.0
Armour         | 3 4 5 6 |  6.5
Evocations     | 3 4 5 6 |  6.5
Unarmed Combat | 5 6 7 |  7.5

Action                     |  1- 3 |  4- 6 |  7- 9 | 10-12 || total
---------------------------+-------+-------+-------+-------++-------
  Melee: Mace              |    76 |   125 |       |       ||   201
         Bite              |     3 |    10 |    37 |    35 ||    85
         Punch             |     3 |     1 |       |       ||     4
         Morningstar       |       |    27 |   387 |   327 ||   741
  Throw: Dart              |       |     3 |     2 |    15 ||    20
         Javelin           |       |    11 |    19 |    17 ||    47
   Cast: Vhi's Electric Ch |       |       |       |     4 ||     4
         Dazzling Flash    |       |       |       |     2 ||     2
 Invoke: Line Pass         |       |       |     2 |       ||     2
         Stomp             |       |       |     1 |     6 ||     7
    Use: Scroll            |       |       |    11 |    10 ||    21
         Potion            |       |       |       |     1 ||     1
   Stab: Paralysed         |       |     1 |     5 |     9 ||    15
         Invisible         |       |     1 |       |       ||     1
         Sleeping          |       |       |    19 |     3 ||    22
         Distracted        |       |       |     1 |       ||     1
 Armour: Scale mail        |    16 |       |       |       ||    16
         Chain mail        |       |    39 |       |       ||    39
         Ring mail         |       |     3 |   121 |   101 ||   225
  Dodge: Dodged            |    34 |    62 |   231 |   284 ||   611
  Block: Buckler           |       |     8 |    56 |   106 ||   170
